 Dungeon Crawl Stone Soup version 0.30.1-1-g62c8e00024 (webtiles) character file.

Game seed: 10638699196979541917

6 Pepete the Magician (level 1, 0/10 HPs)
             Began as a Deep Elf Fire Elementalist on July 15, 2023.
             Slain by a goblin
             ... wielding a +0 dagger
              (1 damage)
             ... on level 1 of the Dungeon.
             The game lasted 00:00:14 (42 turns).

Pepete the Magician (Deep Elf Fire Elementalist)      Turns: 42, Time: 00:00:15

Health: 0/10       AC:  2    Str:  5    XL:     1   Next: 75%
Magic:  0/7        EV: 12    Int: 19    God:
Gold:   0          SH:  0    Dex: 15    Spells: 6/7 levels left

rFire   . . .        (no weapon)
rCold   . . .        (no shield)
rNeg    . . .        a - +0 robe
rPois   .            (no helmet)
rElec   .            (no cloak)
rCorr   .            (no gloves)
SInv    .            (no boots)
Will    .....        (no amulet)
Stlth   ++           (no ring)
HPRegen 0.21/turn    (no ring)
MPRegen 0.10/turn

%: no passive effects
@: no status effects
A: no striking features
a: no special abilities


You were on level 1 of the Dungeon.
You visited 1 branch of the dungeon, and saw 1 of its levels.

Inventory:

Armour
 a - a +0 robe (worn)
Potions
 b - a potion of magic


   Skills:
 - Level 2.4 Dodging
 - Level 2.4 Stealth
 + Level 3.7 Spellcasting
 - Level 1.1 Conjurations
 - Level 3.2 Fire Magic


You had 6 spell levels left.
You knew the following spells:

 Your Spells              Type           Power      Damage    Failure   Level
a - Foxfire               Conj/Fire      44%        2x1d6     6%          1

Your spell library contained the following spells:

 Spells                   Type           Power      Damage    Failure   Level
 Scorch                   Fire           32%        2d6       5%          2
 Inner Flame              Hex/Fire       9%         N/A       22%         3
 Volatile Blastmotes      Fire/Tloc      18%        2d11      22%         3
 Flame Wave               Conj/Fire      11%        2d6       50%         4


Dungeon Overview and Level Annotations

Branches:
Dungeon (1/15)

Altars:


Message History

The foxfire hits the kobold.
You kill the kobold!
Your magical contamination has completely faded away.
A goblin comes into view. It is wielding a +0 dagger.
Your foxfire dissipates!
A goblin is nearby!
A goblin is nearby!
A goblin is nearby!
A goblin is nearby!
A goblin is nearby!
Found a leather armour and a scale mail.
Found 6 poisoned darts.
Found 8 gold pieces.
An endoplasm comes into view.
Found a lumpy amethyst potion.
The endoplasm quivers.
Casting: Foxfire (safe; 6% risk of failure)
Confirm with . or Enter, or press ? or * to list all spells.
You conjure some foxfire!
The endoplasm misses you.
Unknown command.
Casting: Foxfire (safe; 6% risk of failure)
Confirm with . or Enter, or press ? or * to list all spells.
You conjure some foxfire!
The foxfire hits the endoplasm.
The endoplasm is moderately wounded.
The endoplasm freezes you.
You are frozen.
Ouch! That really hurt!
Your foxfire dissipates!
The endoplasm attacks as you move away! The endoplasm hits you.
* * * LOW HITPOINT WARNING * * *
The foxfire hits the endoplasm.
The endoplasm is severely wounded.
The foxfire hits the endoplasm.
The endoplasm is almost dead.
The endoplasm attacks as you move away! The endoplasm hits you.
* * * LOW HITPOINT WARNING * * *
A ball python comes into view.
Unknown command.
The goblin attacks as you move away! The goblin hits you with a +0 dagger.
You die...

#.....................
###.....................
.........##.............
.........#......[.......
.........#.....#........
........................
.........##.......$.....
.........##....gJ.......
.........#......@.......
.###.#####........#+####
. #..# #...##.....
.####'####..(##.....!.
#≈≈~≈~≈≈#...#..........
#≈#~<~#~#. #..........
#~#~###~# #....######
#~~~~~~# #.S..#
#######~#


You could see an endoplasm, a goblin and a ball python (asleep).

Vanquished Creatures
  A dart slug (D:1)
  An endoplasm (D:1)
  A hobgoblin (D:1)
  A kobold (D:1)
4 creatures vanquished.

Vanquished Creatures (others)
  13 foxfires (D:1)
13 creatures vanquished.

Grand Total: 17 creatures vanquished

Notes
Turn   | Place    | Note
-------+----------+-------------------------------------------
     0 | D:1      | Pepete the Deep Elf Fire Elementalist began the quest for
                  | the Orb.
     0 | D:1      | Reached XP level 1. HP: 10/10 MP: 6/6
    42 | D:1      | Slain by a goblin

Illustrated notes

Levels and vault maps discovered:
D:1:      ncdulo_wetmaze, layout_basic

Action                     || total
---------------------------++-------
   Cast: Foxfire           ||     7
  Dodge: Dodged            ||     1
